 Dungeon Crawl Stone Soup version 0.18-a0-5-gf1fb587 (webtiles) character file.

394 pasperui the Magician (level 6, 0/52 HPs)
             Began as a Naga Earth Elementalist on Oct 31, 2015.
             Was an Initiate of Cheibriados.
             Slain by an orc
             ... wielding a cursed -1 trident
              (3 damage)
             ... on level 4 of the Dungeon.
             The game lasted 00:17:33 (2710 turns).

pasperui the Magician (Naga Earth Elementalist)     Turns: 2710, Time: 00:17:33

Health: 0/52       AC:  5    Str: 12    XL:     6   Next: 81%
Magic:  12/22      EV:  9    Int: 17    God:    Cheibriados [......]
Gold:   77         SH:  0    Dex: 13    Spells: 2 memorised, 10 levels left

rFire  . . .     SeeInvis +     (no weapon)
rCold  . . .     Rnd*Rage +     b - +0 robe
rNeg   . . .     SustAt   .     (no shield)
rPois  +         Gourm    .     (no helmet)
rElec  .         Spirit   .     (no cloak)
rCorr  .         Warding  .     e - +1 pair of gloves
rMut   .         Stasis   .     (no barding)
MR     +....                    (no amulet)
Stlth  ++........               (no ring)
                                n - ring of magical power

@: short of breath, very slightly contaminated, heavily drained, very slow,
somewhat resistant to hostile enchantments, unstealthy
A: see invisible, berserk 1, deformed body, deterioration 1, magic resistance 1,
poison resistance, slowness 2, slow metabolism 1, spit poison 2, AC +2
a: Spit Poison, Bend Time, Renounce Religion


You were on level 4 of the Dungeon.
You worshipped Cheibriados.
Cheibriados was noncommittal.
You were hungry.

You visited 2 branches of the dungeon, and saw 5 of its levels.

You collected 77 gold pieces.

Inventory:

Hand Weapons
 j - a +0 short sword
 l - a +0 short sword of venom
 q - a +0 short sword
 r - a +0 short sword
Armour
 b - a +0 robe (worn)
 e - a +1 pair of gloves (worn)
 o - a cursed +0 robe
Jewellery
 n - a ring of magical power (left hand)
 p - a cursed ring of teleportation
Scrolls
 h - 4 scrolls of identify
 s - 2 scrolls of amnesia
 v - a scroll of fear
Books
 c - a book of Geomancy

   Spells                             Type                      Level
   a - Sandblast                      Earth                        1
   b - Stoneskin                      Transmutation/Earth          2
   c - Passwall                       Transmutation/Earth          3
   d - Stone Arrow                    Conjuration/Earth            3
   e - Petrify                        Transmutation/Earth          4
   f - Lee's Rapid Deconstruction     Earth                        5
Comestibles
 d - 3 bread rations
 f - 2 beef jerkies
 g - 2 meat rations
 k - a royal jelly


   Skills:
 - Level 2.0(0.1) Fighting
 - Level 1.5(0.0) Dodging
 - Level 3.0(1.0) Stealth
 - Level 4.8(2.8) Spellcasting
 * Level 3.4(1.5) Conjurations
   Level 1.0(0.0) Transmutations
 - Level 3.4(1.4) Earth Magic


You had 10 spell levels left.
You knew the following spells:

 Your Spells              Type           Power        Failure   Level  Hunger
a - Sandblast             Erth           #.....       12%         1    #......
b - Stone Arrow           Conj/Erth      #.....       30%         3    ###....


Dungeon Overview and Level Annotations

Branches:
Dungeon (4/15)             Temple (1/1) D:4

Altars:
Ashenzari
Cheibriados
Dithmenos
Fedhas
Gozag
Kikubaaqudgha
Makhleb
Ru
Sif Muna
Vehumet
Yredelemnul
Zin

Annotations:
D:3 teron's ghost, amateur HOBe


Innate Abilities, Weirdness & Mutations

You cannot wear boots.
Your serpentine skin is tough (AC +2).
You have supernaturally acute eyesight.
Armour fits poorly on your strangely shaped body.
Your system is resistant to poisons.
You cover ground very slowly.
You have a slow metabolism.
You can spit poison.
You tend to lose your temper in combat.
Your body sometimes deteriorates upon taking damage.
You are resistant to hostile enchantments.


Message History

You feel slightly more hungry. The orc hits you but does no damage.
The orc barely misses you.
Casting: Sandblast
Confirm with . or Enter, or press ? or * to list all spells.
Aiming: Sandblast
Press: ? - help, Shift-Dir - straight line, f/p - orc
Aim: an orc, wielding an enchanted trident and wearing a leather armour (moderately wounded)
The rocky blast hits the orc.
The orc is severely wounded.
The orc completely misses you.
Casting: Sandblast
Confirm with . or Enter, or press ? or * to list all spells.
Aiming: Sandblast
Press: ? - help, Shift-Dir - straight line, f/p - orc
Aim: an orc, wielding an enchanted trident and wearing a leather armour (moderately wounded)
The rocky blast hits the orc.
The orc is severely wounded.
You are now empty-handed.
The orc barely misses you.
The orc hits you from afar with an enchanted trident.
You die...

#...# ...##.#.# #.###
o..##.#.# #.# ...##.#.###
#.# #.# # ..........# #.# #
#.# #. ...##...#.# ## #.#
#.#.# #.###...##...#.####.
#.#
.#.#####.oo.............<..
#.# ...
..###o##..##.###.##### #.#
#.# #.###@##..##. #.# #
#.#####.###.##...#..##. #.#
# #...................##$
#.# #
#######.....##...#.### ...
# ###...###......# #.. #
##.............. #..####
#.######..#.### #......
#... ..#... .... #.###.
....... ####


You could see an orc wizard (invisible) and 2 orcs.

Vanquished Creatures
  The ghost of Raultor the Ruffian, an amateur VSMo (D:4)
  A giant frog (D:4)
  An orc wizard (D:4)
  An orc priest (D:4)
  2 hounds (D:4)
  A worker ant (D:4)
  A hound skeleton (D:4)
  2 adders
  2 worms (D:2)
  8 orcs
  5 ball pythons
  9 bats
  5 giant cockroaches
  5 hobgoblins
  11 kobolds
  2 quokkas
  2 giant geckos (D:1)
  3 giant newts
  7 goblins
  7 rats
76 creatures vanquished.

Notes
Turn   | Place    | Note
--------------------------------------------------------------
     0 | D:1      | pasperui the Naga Earth Elementalist began the quest for the Orb.
     0 | D:1      | Reached XP level 1. HP: 15/15 MP: 3/3
   147 | D:1      | Reached skill level 1 in Fighting
   147 | D:1      | Reached XP level 2. HP: 20/25 MP: 0/5
   679 | D:1      | Reached XP level 3. HP: 32/32 MP: 2/6
   751 | D:2      | Learned a level 3 spell: Stone Arrow
   871 | D:2      | Reached skill level 1 in Conjurations
  1348 | D:3      | Found a faded altar to an unknown god.
  1357 | D:3      | Reached XP level 4. HP: 37/39 MP: 7/7
  1620 | D:3      | Noticed teron's ghost (amateur HOBe)
  1621 | D:3      | Found a sacrificial altar of Ru.
  1621 | D:3      | Found a radiant altar of Vehumet.
  1818 | D:4      | Noticed Raultor's ghost (amateur VSMo)
  1836 | D:4      | Killed Raultor's ghost
  1836 | D:4      | Reached XP level 5. HP: 9/45 MP: 9/10
  1867 | D:4      | Found a staircase to the Ecumenical Temple.
  1877 | Temple   | Entered the Ecumenical Temple
  1901 | Temple   | Became a worshipper of Cheibriados the Contemplative
  2218 | D:4      | Reached skill level 4 in Spellcasting
  2231 | D:4      | Noticed a giant frog
  2236 | D:4      | Killed a giant frog
  2236 | D:4      | Reached XP level 6. HP: 41/52 MP: 12/12
  2707 | D:4      | Gained mutation: You are resistant to hostile enchantments. [potion of mutation]
  2707 | D:4      | Gained mutation: Your body sometimes deteriorates upon taking damage. [potion of mutation]
  2707 | D:4      | Gained mutation: You tend to lose your temper in combat. [potion of mutation]
  2707 | D:4      | HP: 2/52 [orc/hand axe (5)]
  2710 | D:4      | Slain by an orc

Vault maps used:
D:1:      dpeg_arrival_chase
D:2:      wad_lake_hut, first_bread
D:3:      grunt_temple_overflow_open, ecumenical_altar_2
D:4:      minmay_temple_entry_mist
Temple:   eino_wide_crystal_templ_15

Action                   |  1- 3 |  4- 6 || total
-------------------------+-------+-------++-------
Melee: Short sword       |     6 |       ||     6
 Cast: Sandblast         |    42 |    81 ||   123
 Abil: Spit Poison       |    35 |    18 ||    53
  Use: Scroll            |       |    10 ||    10
       Potion            |       |     6 ||     6
 Stab: Sleeping          |     1 |       ||     1
  Eat: Chunk             |     3 |     5 ||     8
